[Event "GrandPrix_30.05"]
[Site "Chess.com"]
[Date "2020.05.30"]
[Round "8"]
[White "Kobalia"]
[Black "Anton_Demchenko"]
[Result "1/2-1/2"]
[WhiteElo "2502"]
[BlackElo "2633"]
[TimeControl "600+2"]
[EndTime "12:00:02 PDT"]
[Termination "Game drawn by repetition"]

1. e4 e5 2. Nf3 Nc6 3. Bb5 a6 4. Ba4 Nge7 5. O-O Ng6 6. d4 exd4 7. Nxd4 Nxd4 8. Qxd4 b5 9. Bb3 Bb7 10. Qc3 Bd6 11.
Qxg7 Qe7 12. Nc3 O-O-O 13. Qh6 b4 14. Nd5 Qxe4 15. f3 Qe5 16. Rd1 Rhg8 17. Be3 Ne7 18. Nxe7+ Qxe7 19. Rxd6 cxd6 20. Qf4 Qe5 21. Kf2 Qxb2 22.
Rd1 Qe5 23. Rxd6 Qxf4 24. Bxf4 Rg6 25. Rd4 a5 26. Bxf7 Rc6 27. Bb3 Re8 28. h4 Ba6 29. g4 Re2+ 30. Kg3 Bb5 31. h5 a4 32. Bd5 Rcxc2 33. Rxb4 Bc6 34. Bxc6 dxc6 35. Rxa4 Rxa2 36. Rc4 Kd7 37. Rd4+ Ke7 38. Rd6 Re6 39. Rd3 c5 40. Bg5+ Ke8 41. Rd8+ Kf7 42. Rd7+ Kg8 43. Rd8+ Kf7 44. Rd7+ Kg8 45. Rc7 h6 46. Bf4 Rc2 47.
Rc8+ Kf7 48. Rc7+ Kg8 49. Rc8+ Kg7 50. Rc7+ Kg8 1/2-1/2

[Event "GrandPrix_30.05"]
[Site "Chess.com"]
[Date "2020.05.30"]
[Round "8"]
[White "fm_magua"]
[Black "Poghosyan_Suren"]
[Result "1-0"]
[WhiteElo "1922"]
[BlackElo "2106"]
[TimeControl "600+2"]
[EndTime "12:00:03 PDT"]
[Termination "fm_magua won by resignation"]

1. e4 e6 2. d3 d5 3. Nd2 Nf6 4. g3 dxe4 5. dxe4 Bc5 6. Bg2 e5 7. h3 Nc6 8. Ngf3 a5 9. O-O O-O 10. Nh4 Re8 11. Nb3 Bd6 12. Be3 Qe7 13. c3 Be6 14. Qf3 g6 15. Bg5 Kg7 16. Qe3 a4 17. Nd2 Bc5 18. Bxf6+ Kxf6 19. Qh6 Qf8 20. Qxh7 Qd6 21.
Nf5 Bxf5 22. Nc4 Qd3 23. Qh4+ g5 24. Qh6+ Bg6 25. Ne3 Qd8 26. Rad1 Bd6 27. Nd5+ Ke6 28. Bf3 Kd7 29. Bg4+ Re6 30. Bxe6+ fxe6 31. Qxg6 exd5 32.
Qf5+ Ke8 33. exd5 Ne7 34. Qxg5 Qd7 35. Qh5+ Kf8 36. Rd3 e4 37. Rd4 Qf5 38. Qxf5+ Nxf5 39. Rxe4 a3 40. b3 b5 41. c4 bxc4 42. bxc4 Rb8 43. c5 Bxc5 44. Rf4 Rb2 45. Rxf5+ Kg7 46. Ra1 Rd2 47. Kg2 Bd4 48. Rc1 Rxa2 49. Rxc7+ Kg6 50. g4 Rd2 51. Rc6+ Kg7 52. Ra6 a2 53. h4 a1=Q 54.
Rxa1 Bxa1 55. Kg3 Rd3+ 56. f3 Bc3 57. h5 Be1+ 58. Kf4 Bd2+ 59. Ke4 Re3+ 60. Kd4 Re1 61. d6 Rd1 62. Kc5 Rc1+ 63. Kb5 Rb1+ 64. Kc6 Be3 65.
Rd5 Rc1+ 66. Kb7 Rb1+ 67. Kc8 Rc1+ 68. Kd8 Kf6 69. Kd7 Ra1 70. Rf5+ Kg7 71. Ke7 Re1 72. Kd8 Bb6+ 73. Kc8 Rd1 74. d7 Rc1+ 75. Kb7 Bd8 76. Rd5 Kf6 77. h6 Ke6 78. h7 Rb1+ 79. Kc8 Bf6 80.
d8=Q Bxd8 81. Rxd8 Rc1+ 82. Kb7 Rb1+ 83. Kc6 Rc1+ 84.
Kb5 1-0

[Event "GrandPrix_30.05"]
[Site "Chess.com"]
[Date "2020.05.30"]
[Round "8"]
[White "am00ss00"]
[Black "Vnebo"]
[Result "0-1"]
[WhiteElo "2043"]
[BlackElo "2121"]
[TimeControl "600+2"]
[EndTime "12:00:13 PDT"]
[Termination "Vnebo won on time"]

1. e4 c5 2. Nc3 Nc6 3. g3 g6 4.
Bg2 Bg7 5. d3 d6 6. f4 e6 7. Be3 Nge7 8. Qd2 b6 9. Nf3 Bb7 10.
O-O d5 11. exd5 Nxd5 12. Nxd5 Qxd5 13. Ne5 Qd6 14. Nc4 Qd7 15. a4 O-O 16. Rae1 Nd4 17. Ne5 Qc7 18. g4 Rad8 19. Qf2 Qc8 20. c3 Nc6 21. d4 cxd4 22. cxd4 Nb4 23. Rc1 Qa8 24. Bxb7 Qxb7 25. f5 Bxe5 26. dxe5 Nd3 27. Qh4 Nxc1 28. Qf6 Ne2+ 29. Kf2 Nd4 30. Kg3 exf5 31. Bh6 f4+ 32. Rxf4 Ne6 33. Bxf8 Rxf8 34. Rf3 Qe4 35. h4 Nd4 36. Rf2 Ne2+ 37. Kh3 Qh1+ 38. Rh2 Qe1 39. Rf2 Qh1+ 40. Rh2 Qe4 41. h5 Qe3+ 42. Kh4 Qg3+ 43. Kg5 Qxh2 44. h6 Qf4+ 45. Qxf4 Nxf4 46. Kf6 Ne6 47. g5 Rc8 48. b4 Rc4 49. b5 Rxa4 50. Ke7 Ra5 0-1

[Event "GrandPrix_30.05"]
[Site "Chess.com"]
[Date "2020.05.30"]
[Round "8"]
[White "Igrok3069"]
[Black "ArnaudovP"]
[Result "0-1"]
[WhiteElo "2487"]
[BlackElo "2363"]
[TimeControl "600+2"]
[EndTime "12:00:16 PDT"]
[Termination "ArnaudovP won on time"]

1. d4 Nf6 2. Nf3 d5 3. c4 dxc4 4. e3 e6 5. Bxc4 a6 6. O-O b5 7. Bd3 Bb7 8. a4 b4 9. Qe2 c5 10. e4 cxd4 11. Bg5 Be7 12. Nbd2 Nc6 13. Nc4 h6 14.
Bd2 Nd7 15. Rad1 Nc5 16. Bb1 Qc7 17. e5 Rd8 18. Bf4 d3 19. Qe3 Rd5 20. h4 g5 21.
hxg5 hxg5 22. Bxg5 Bxg5 23. Qxg5 Qe7 24. Nd6+ Rxd6 25.
Qxe7+ Nxe7 26. exd6 Bxf3 27. gxf3 Rg8+ 28. Kh2 Rh8+ 29.
Kg2 Rg8+ 30. Kh2 Rh8+ 31. Kg3 Nf5+ 32. Kf4 Rh4+ 33. Kg5 Rd4 34. Rg1 Nxd6 35. Rg4 Rd5+ 36. Kh4 a5 37. Rg5 Nf5+ 38. Kh3 Ke7 39. Ba2 b3 40. Bb1 Kf6 41. Rg4 Nd6 42. Rf4+ Ke7 43.
Rg4 e5 44. Kg2 Ke6 45. Rh4 f6 46. Rg4 Kf7 47. Kf1 f5 48. Rh4 Kg6 49. Kg2 f4 50. Rg4+ Kf6 51. Rh1 Nf5 52. Rh8 Ne6 53.
Bxd3 Rxd3 54. Rhg8 Nfd4 55. R8g6+ Ke7 56. Rh6 Kd6 57.
Rg8 Rd2 58. Rd8+ Ke7 59. Rd5 Rxb2 60. Rxa5 Rc2 61. Ra7+ Rc7 62. Rxc7+ Nxc7 63. Rb6 Ncb5 64. Rb7+ Kd6 0-1

[Event "GrandPrix_30.05"]
[Site "Chess.com"]
[Date "2020.05.30"]
[Round "8"]
[White "RussianChessFighter"]
[Black "SamadovRead"]
[Result "1-0"]
[WhiteElo "2163"]
[BlackElo "1977"]
[TimeControl "600+2"]
[EndTime "12:00:31 PDT"]
[Termination "RussianChessFighter won by resignation"]

1. b3 c5 2. Bb2 d6 3. e3 e5 4.
d4 cxd4 5. exd4 e4 6. d5 Nf6 7.
c4 Be7 8. Nc3 O-O 9. Nge2 Bf5 10. Nd4 Bg6 11. Be2 Nbd7 12. Qd2 Ne5 13. O-O Nfd7 14. Rad1 Nc5 15. Ba1 Bg5 16. Qb2 Ncd3 17. Bxd3 Nxd3 18. Qe2 Nf4 19. Qb2 Bf6 20. Qd2 Be5 21.
Rfe1 Qg5 22. g3 Qg4 23. Qe3 Nd3 24. Rf1 Nf4 25. Kh1 Nh5 26. Rfe1 f5 27. Qe2 Qh3 28. Qf1 Qxf1+ 29. Rxf1 f4 30. Ne6 Rf6 31. g4 e3 32.
gxh5 Bxh5 33. fxe3 Bxd1 34. Rxd1 fxe3 35. Re1 Rf2 36. Ne4 Rxh2+ 37. Kg1 Rxa2 38. Bxe5 dxe5 39. Rxe3 Kf7 40. Nd6+ Ke7 41. Nf5+ Kf6 42. Nfxg7 Rg8 43. Rf3+ Ke7 44. Kf1 h5 45. Rf2 Ra1+ 46. Kg2 h4 47.
Kh2 Kd6 48. Nf5+ Kd7 49. Nc5+ Kc7 50. d6+ Kb6 51. Nd7+ Ka6 52. Nxe5 h3 53. Nf7 Rag1 54. d7 R1g2+ 55. Rxg2 hxg2 56. Kg1 Rf8 57. d8=Q 1-0

[Event "GrandPrix_30.05"]
[Site "Chess.com"]
[Date "2020.05.30"]
[Round "8"]
[White "AvitalBor"]
[Black "VojtechPlat"]
[Result "1-0"]
[WhiteElo "2611"]
[BlackElo "2336"]
[TimeControl "600+2"]
[EndTime "12:00:35 PDT"]
[Termination "AvitalBor won by resignation"]

1. e4 e5 2. Nf3 Nc6 3. Bb5 a6 4. Ba4 g6 5. O-O Bg7 6. c3 Nge7 7. d4 exd4 8. Nxd4 O-O 9. Bg5 h6 10. Nxc6 bxc6 11. Be3 Rb8 12. Bb3 d5 13. Nd2 Be6 14. Re1 Re8 15. Bd4 Bxd4 16. cxd4 Kg7 17. Qc2 Qd6 18.
Rac1 Qf4 19. Qc3 h5 20. Re3 Kg8 21. Rce1 Red8 22. Nf3 Qf6 23. Qc5 dxe4 24. Bxe6 fxe6 25. Rxe4 Rd6 26. Qa7 Rxb2 27. Qxc7 Nf5 28. h3 Rxa2 29. Rxe6 Rxe6 30. Qc8+ Kg7 31. Rxe6 Qf7 32. Ne5 Ng3 33.
Rxg6+ Qxg6 34. Qc7+ Kg8 35. Qd8+ Kg7 36. Qe7+ Kg8 37.
fxg3 Qf5 38. Qe8+ Kg7 39. Qe7+ Kg8 40. Kh2 Rf2 41. Qe8+ Kg7 42. Qxc6 Qf6 43. Qb7+ Kg8 44. Qd5+ Kg7 45. Qb7+ Kg8 46. Qe4 Rf5 47. h4 Qe6 48. Qa8+ Rf8 49. Qb7 a5 50. Qa7 Qd6 51. Qxa5 Qxd4 52.
Ng6 Rf7 53. Qxh5 Qf6 54. Nf4 Rg7 55. Qe8+ Kh7 56. Nh5 1-0

[Event "GrandPrix_30.05"]
[Site "Chess.com"]
[Date "2020.05.30"]
[Round "8"]
[White "v-kazakouski"]
[Black "NikolaGry"]
[Result "1/2-1/2"]
[WhiteElo "2378"]
[BlackElo "2215"]
[TimeControl "600+2"]
[EndTime "12:00:40 PDT"]
[Termination "Game drawn by agreement"]

1. d4 d5 2. c4 Nc6 3. Nc3 dxc4 4.
Nf3 Nf6 5. Bg5 h6 6. Bh4 g5 7. Bg3 g4 8. d5 gxf3 9. dxc6 Qxd1+ 10. Rxd1 fxe2 11. Bxe2 bxc6 12. Bxc7 Be6 13. Bf3 Nd5 14.
Nxd5 Bxd5 15. Rxd5 cxd5 16. Bxd5 Kd7 17. Be5 f6 18.
Bxa8 fxe5 19. Bd5 e6 20. Bxc4 Bc5 21. Ke2 Rg8 22. g3 Bd4 23. b3 Rf8 24. f3 e4 25.
f4 e5 26. Rd1 Kd6 27. fxe5+ Kxe5 28. Rf1 Rxf1 29. Kxf1 Bc5 30. Bg8 Kd4 31. Ke2 Bd6 32.
Bh7 a5 33. Bg6 Be7 34. h3 Bd6 35. g4 Be7 36. Bh7 Bd6 37. Bg8 Be7 38. Bc4 Bd6 39.
Kd2 Be7 40. Ke2 Bd6 41. h4 Be7 42. h5 Bd6 43. Be6 Be7 44. Bc8 Bd6 45. Bf5 Be7 46.
Bc8 Bd6 47. g5 hxg5 48. h6 Be5 49. h7 Bf6 50. a3 Be5 51. Be6 Bf6 52. b4 axb4 53.
axb4 g4 54. b5 Kc5 55. Bxg4 Kxb5 56. Ke3 Kc5 57. Kxe4 1/2-1/2

[Event "GrandPrix_30.05"]
[Site "Chess.com"]
[Date "2020.05.30"]
[Round "8"]
[White "Magicmaster17"]
[Black "BlackBoarder"]
[Result "1/2-1/2"]
[WhiteElo "2396"]
[BlackElo "2237"]
[TimeControl "600+2"]
[EndTime "12:00:44 PDT"]
[Termination "Game drawn by agreement"]

1. Nf3 Nf6 2. c4 e6 3. Nc3 d5 4. d4 Bb4 5. Qa4+ Nc6 6. e3 O-O 7. Qc2 Bd6 8. c5 Be7 9. a3 a5 10. Bb5 Bd7 11. O-O b6 12. cxb6 cxb6 13. Bd2 Qc7 14.
Rfc1 Rfc8 15. e4 dxe4 16. Nxe4 Qb7 17. Nxf6+ Bxf6 18. Qe4 Rc7 19. Bd3 g6 20. Bf4 Rcc8 21. Bb5 Ra7 22. Be3 Ne7 23. Rxc8+ Nxc8 24. Qf4 Bg7 25. Bd3 Ne7 26. Be4 Qc7 27. Ne5 Be8 28. Rc1 Qd8 29. h4 f6 30. Nf3 Rd7 31. Qg3 Nd5 32.
Bxd5 Rxd5 33. Rc7 Rd7 34. Rxd7 Qxd7 35. Qb8 Qc6 36. d5 exd5 37. Bxb6 a4 38. Nd4 Qd7 39.
Bc5 f5 40. b4 axb3 41. Qxb3 Qa4 42. Qxd5+ Bf7 43. Qd8+ Qe8 44. Qxe8+ Bxe8 45. Ne6 Bf6 46. Nc7 Bc6 47. g3 Kf7 48. Na6 Ke6 49. Nb4 Bb5 50.
Nc2 Bb2 51. Bd4 Bc1 52. Be3 Bb2 53. Bd4 Bc1 54. f3 Ba4 55. Nb4 Bxa3 56. Nd3 Bd6 57. Kf2 Bb5 58. Nf4+ Bxf4 59. gxf4 1/2-1/2

[Event "GrandPrix_30.05"]
[Site "Chess.com"]
[Date "2020.05.30"]
[Round "8"]
[White "Spartakus1975"]
[Black "tacticthunder"]
[Result "1/2-1/2"]
[WhiteElo "2401"]
[BlackElo "2220"]
[TimeControl "600+2"]
[EndTime "12:00:44 PDT"]
[Termination "Game drawn - insufficient material"]

1. e4 c5 2. c3 Nf6 3. e5 Nd5 4.
Nf3 Nc6 5. Bc4 Nb6 6. Bb3 d5 7. exd6 Qxd6 8. O-O Bg4 9. Bxf7+ Kxf7 10. Ng5+ Kg8 11. Qxg4 Ne5 12. Qe2 h6 13. Ne4 Qd5 14. d4 cxd4 15. cxd4 Nc6 16. Nbc3 Nxd4 17. Qd1 Qd7 18. Be3 e5 19. Qh5 Qf5 20. Qxf5 Nxf5 21. Bxb6 axb6 22. Rfe1 Kf7 23. Ng3 Nxg3 24. hxg3 Bd6 25.
Rad1 Rhd8 26. Nb5 Bc5 27. a3 Kf6 28. Kf1 Rac8 29. Ke2 h5 30. f3 g6 31. Rc1 Rc6 32.
Red1 Bd4 33. Nxd4 Rxd4 34. Rxd4 exd4 35. Rd1 Rc2+ 36. Rd2 Rxd2+ 37. Kxd2 Ke5 38. Kd3 b5 39. b3 Kd5 40. f4 Kc5 41. Ke4 b6 42. Kd3 Kd5 43.
b4 Ke6 44. Kxd4 Kd6 45. Ke4 Ke6 46. Kf3 Kf5 47. Ke3 Kf6 48. Kd4 Kf5 49. Kd5 Kg4 50. Kc6 Kxg3 51. Kxb5 Kxg2 52. a4 h4 53. a5 bxa5 54.
bxa5 h3 55. a6 h2 56. a7 h1=Q 57. a8=Q+ Kg1 58. Qa1+ Kh2 59. Qe5 Kg2 60. Kc5 Qc1+ 61. Kd5 Qd2+ 62. Ke6 Kf3 63. f5 gxf5 64. Kxf5 Qd3+ 65.
Kf6 Qe4 66. Qxe4+ Kxe4 1/2-1/2

[Event "GrandPrix_30.05"]
[Site "Chess.com"]
[Date "2020.05.30"]
[Round "8"]
[White "aleksandrovaleksei"]
[Black "Martin_Petrov2000"]
[Result "1-0"]
[WhiteElo "2566"]
[BlackElo "2341"]
[TimeControl "600+2"]
[EndTime "12:00:45 PDT"]
[Termination "aleksandrovaleksei won by resignation"]

1. d4 Nf6 2. c4 e6 3. Nc3 Bb4 4. e3 O-O 5. Bd3 d5 6. cxd5 exd5 7. Ne2 a6 8. O-O Nbd7 9. Qb3 Bd6 10. Nxd5 Nxd5 11.
Qxd5 Nf6 12. Qf3 Bg4 13. Qxb7 Rb8 14. Qc6 Bd7 15. Qc2 Bxh2+ 16. Kxh2 Ng4+ 17. Kg3 Qg5 18. f4 Qh5 19. Bd2 Qh2+ 20. Kf3 Qh4 21. g3 Qh5 22. Rh1 Ne5+ 23. Kf2 Qf3+ 24. Kg1 Nxd3 25. Qxd3 f5 26.
Rf1 Qg4 27. Rh4 Qg6 28. Kf2 Rxb2 29. Nc3 Rfb8 30. Rc1 h6 31. Rc2 R2b6 32. Nd5 Re6 33. Rxc7 Bb5 34. Qc2 Kh7 35. Ne7 Rxe7 36. Rxe7 Bc6 37. d5 Qf6 38. Re5 Bd7 39. Rh1 Rc8 40. Qd3 Qg6 41. e4 Bb5 42. Qe3 Rc2 43. exf5 Qf6 44.
Rc1 Rxa2 45. Qd4 Qf7 46. Rh1 Qf6 47. g4 Qf8 48. g5 Qa3 49. g6+ Kg8 50. f6 gxf6 51.
Re3 Qa5 52. Rd1 Ba4 53. Ra3 Qb5 54. Rxa2 Bxd1 55. Bc3 Bb3 56. Rb2 Qd7 57. Qxf6 1-0

[Event "GrandPrix_30.05"]
[Site "Chess.com"]
[Date "2020.05.30"]
[Round "8"]
[White "Meri-Arabidze"]
[Black "SantoBlue"]
[Result "1-0"]
[WhiteElo "2344"]
[BlackElo "2503"]
[TimeControl "600+2"]
[EndTime "12:00:50 PDT"]
[Termination "Meri-Arabidze won by resignation"]

1. d4 Nf6 2. c4 e6 3. Nf3 b6 4. g3 Bb7 5. Bg2 Be7 6. O-O O-O 7. Re1 Na6 8. Ne5 Bxg2 9. Kxg2 Qc8 10. Nc3 Bb4 11.
e4 c5 12. d5 Bxc3 13. bxc3 Qc7 14. Ng4 Nxg4 15. Qxg4 Qe5 16. Bd2 Rae8 17. f4 f5 18. Qh5 Qb8 19. e5 Nc7 20. Qf3 Qa8 21. d6 Na6 22. a4 Qxf3+ 23. Kxf3 Nb8 24. a5 Nc6 25. axb6 axb6 26. Ke3 Ra8 27. Kd3 Rxa1 28. Rxa1 Kf7 29. Rb1 Rb8 30. Be3 g5 31. Rb2 Kg6 32. h4 gxf4 33. gxf4 Kf7 34. Rb1 Kg7 35. Rb2 Kh6 36. Rb1 Kh5 37. Rg1 h6 38. Rg7 Rb7 39. Bf2 Ra7 40. Be1 Ra1 41. Bd2 Ra7 42. Be1 Rb7 43. Bf2 Na5 44. Be1 b5 45. cxb5 c4+ 46. Kd4 Rxb5 47.
Rxd7 Rd5+ 48. Ke3 Rd3+ 49. Ke2 Nb3 50. Rg7 Nc5 51. Bf2 Ne4 52. Bd4 Nxc3+ 53. Bxc3 Rxc3 54. Re7 Kg4 55. Rxe6 Kxf4 56. d7 Re3+ 57. Kf2 Rf3+ 58. Kg2 Rg3+ 59. Kh2 Kf3 60. d8=Q Rg2+ 61. Kh1 Kf2 62.
Qd2+ 1-0

[Event "GrandPrix_30.05"]
[Site "Chess.com"]
[Date "2020.05.30"]
[Round "8"]
[White "tsvet2005"]
[Black "Glek_Igor"]
[Result "1-0"]
[WhiteElo "2302"]
[BlackElo "2425"]
[TimeControl "600+2"]
[EndTime "12:00:52 PDT"]
[Termination "tsvet2005 won on time"]

1. d4 e6 2. c4 Bb4+ 3. Bd2 Bxd2+ 4. Qxd2 f5 5. Nc3 Nf6 6. g3 d6 7. Bg2 Qe7 8. Nf3 e5 9. dxe5 dxe5 10. e4 fxe4 11. Ng5 Nc6 12. Ngxe4 O-O 13. Nxf6+ Qxf6 14. O-O Be6 15. Nd5 Bxd5 16. Bxd5+ Kh8 17. Rae1 Nd4 18.
Qc3 c6 19. Bg2 g5 20. Re4 Rad8 21. Qe3 Nf5 22. Qxa7 Nd6 23. Re2 Ra8 24. Qc5 Rxa2 25. Rd1 Nf5 26. Qxe5 Qxe5 27. Rxe5 Rxb2 28. Be4 Ng7 29. Rd7 Rbxf2 30. Ree7 Rf1+ 31. Kg2 g4 32. Rd2 Re1 33. Rdd7 Re2+ 34. Kg1 Ra8 35. Bg2 Ra1+ 36. Bf1 Rxe7 37. Rxe7 Nf5 38. Re4 c5 39. Re5 Nd4 40.
Rxc5 Nf3+ 41. Kf2 Ra2+ 42. Ke3 Ra3+ 43. Kf4 Nxh2 44. Be2 Kg7 45. Rc7+ Kg6 46. Rxb7 h5 47. c5 Rc3 48. Rb6+ Kf7 49. c6 Ke7 50. Bb5 Kd6 51.
Rb7 Nf3 52. Rd7+ Kc5 53. Ba4 Kb6 54. Rb7+ Kc5 55. Rb5+ Kd6 56. Rb4 Ne1 57. Rd4+ 1-0

[Event "GrandPrix_30.05"]
[Site "Chess.com"]
[Date "2020.05.30"]
[Round "8"]
[White "BairaKovanova"]
[Black "Mesropov_Konstantin"]
[Result "1/2-1/2"]
[WhiteElo "2160"]
[BlackElo "2223"]
[TimeControl "600+2"]
[EndTime "12:00:53 PDT"]
[Termination "Game drawn - insufficient material"]

1. e4 e6 2. d3 c5 3. Nf3 Nc6 4. g3 g6 5. Bg2 Bg7 6. O-O Nge7 7. c3 O-O 8. Be3 b6 9. Qc1 d5 10. exd5 Nxd5 11. Bh6 Bb7 12. Rd1 Bxh6 13. Qxh6 Qf6 14. Nbd2 Qg7 15. Qh4 Rad8 16. Ne4 Nce7 17. Re1 Nf5 18.
Qh3 h6 19. Nh4 Bc8 20. Qg4 g5 21. Nf3 e5 22. Qh5 Nfe7 23. h4 f5 24. hxg5 fxe4 25.
dxe4 Nc7 26. gxh6 Qg6 27. Qxe5 Ne6 28. Nh4 Qxh6 29. Nf5 Qg5 30. f4 Ng6 31. Qxe6+ Bxe6 32. fxg5 Bxf5 33. exf5 Rxf5 34. Rad1 Rxd1 35. Rxd1 Rxg5 36.
Rd3 Ne5 37. Rd5 Kg7 38. Kf2 Kf6 39. Be4 Nc4 40. Rxg5 Kxg5 41. b3 Nd6 42. Bd3 Kf6 43.
Kf3 Kg5 44. c4 a5 45. a4 Kf6 46. Kf4 Nf7 47. g4 Ng5 48. Bf1 Ne6+ 49. Ke4 Nd4 50. Kd5 Nxb3 51. Kc6 Kg5 52. Be2 Nd4+ 53. Kxb6 Nxe2 54.
Kxc5 Nc3 55. Kb6 Nxa4+ 56. Kxa5 Nc5 57. Kb5 Nd3 58. c5 Nxc5 59. Kxc5 Kxg4 1/2-1/2

[Event "GrandPrix_30.05"]
[Site "Chess.com"]
[Date "2020.05.30"]
[Round "8"]
[White "MiroVlasenko"]
[Black "Kostya_Nikologorskiy"]
[Result "1-0"]
[WhiteElo "2307"]
[BlackElo "2177"]
[TimeControl "600+2"]
[EndTime "12:01:04 PDT"]
[Termination "MiroVlasenko won by resignation"]

1. d4 Nf6 2. Bg5 c5 3. Bxf6 exf6 4. Nc3 Qb6 5. Nd5 Qa5+ 6. c3 cxd4 7. Qxd4 Nc6 8. Qd2 d6 9. e3 Be6 10. Nf4 O-O-O 11.
Nf3 d5 12. Bd3 g5 13. Ne2 Ne5 14. Nfd4 Bd6 15. Nb3 Qc7 16. Ned4 a6 17. h3 h5 18. O-O-O Kb8 19. Kb1 Rhe8 20. h4 g4 21. g3 Bc5 22.
Nxc5 Qxc5 23. Qc2 Rc8 24. Qb3 Ka7 25. Be2 Red8 26. Qa4 Bd7 27. Qb4 b6 28. a3 a5 29.
Qb3 Kb7 30. Ka1 Be6 31. Qb5 Ra8 32. Nb3 Qxb5 33. Bxb5 Rd6 34. Nd4 Bd7 35. Bd3 Ba4 36. Rd2 Rad8 37. b3 Bd7 38. a4 Rc8 39. Kb2 Be6 40.
Rhd1 Rd7 41. Ne2 Nf3 42. Rc2 Rdc7 43. Nf4 Rh8 44. Rcc1 Rc5 45. Bf1 Ne5 46. Bg2 Kc8 47. Bxd5 Bxd5 48. Nxd5 Kb7 49. Nxf6 Rc6 50. Nd5 Rd8 51.
c4 Rcd6 52. Kc3 Nc6 53. Rd2 f5 54. Rcd1 Re6 55. Nf4 Rxd2 56. Rxd2 Rh6 57. Rd5 Nb4 58. Rxf5 Rd6 59. Nd5 Na2+ 60. Kb2 Nb4 61. Kc3 Na6 62. Rxh5 Nc5 63. Rh7+ Kc8 64. Re7 Kd8 65. Re5 Rd7 66. Nxb6 Rd3+ 67. Kc2 Rxb3 68. Rxc5 Rxb6 69. Rxa5 1-0

[Event "GrandPrix_30.05"]
[Site "Chess.com"]
[Date "2020.05.30"]
[Round "8"]
[White "Sanan_Sjugirov"]
[Black "SavelijTartakover"]
[Result "1-0"]
[WhiteElo "2699"]
[BlackElo "2519"]
[TimeControl "600+2"]
[EndTime "12:01:09 PDT"]
[Termination "Sanan_Sjugirov won by resignation"]

1. e4 e6 2. d4 d5 3. Nd2 c5 4. Ngf3 Nc6 5. exd5 exd5 6. Bb5 Qe7+ 7. Be2 Qc7 8. O-O Nf6 9. Bb5 cxd4 10. Nxd4 Be7 11.
N2f3 O-O 12. c3 Bg4 13. Be2 Rfe8 14. Bg5 Ne4 15. Bxe7 Rxe7 16. Re1 Rae8 17. h3 Bxf3 18. Bxf3 Qb6 19. Bxe4 Rxe4 20. Rxe4 dxe4 21. Nxc6 bxc6 22. Qd7 Rd8 23. Qe7 g6 24. b4 Rd2 25. Rf1 Rxa2 26. Qe8+ Kg7 27. Qxe4 Rd2 28. Qe5+ Kg8 29. Qf6 Rd8 30.
Re1 c5 31. Qxb6 axb6 32. bxc5 bxc5 33. Re5 Rc8 34. c4 Kf8 35. g4 f6 36. Rd5 Ke7 37.
f4 Ra8 38. Rxc5 Ra3 39. Kg2 Rc3 40. Rc7+ Ke6 41. c5 Rc2+ 42. Kf3 Rc3+ 43. Ke4 f5+ 44. gxf5+ gxf5+ 45. Kd4 Rxh3 46. Rc6+ Kd7 47. Rd6+ Ke7 48. Ke5 Rc3 49. Rd5 h5 50. Kxf5 h4 51. Re5+ Kf7 52.
Ke4 h3 53. Kd5 Rf3 54. Rh5 Rxf4 55. Rxh3 Rf6 56. c6 Ke7 57. Rh8 Rd6+ 58. Kc5 Rd1 59. Kb6 1-0

[Event "GrandPrix_30.05"]
[Site "Chess.com"]
[Date "2020.05.30"]
[Round "8"]
[White "Yuri202062"]
[Black "chess_big_master"]
[Result "1-0"]
[WhiteElo "2101"]
[BlackElo "2046"]
[TimeControl "600+2"]
[EndTime "12:01:11 PDT"]
[Termination "Yuri202062 won by resignation"]

1. d4 d5 2. c4 e6 3. Nc3 Bb4 4. e3 Nf6 5. a3 Bxc3+ 6. bxc3 c5 7. cxd5 exd5 8. Bd3 Nc6 9. Ne2 O-O 10. f3 Re8 11. O-O Bd7 12. Ng3 Rc8 13. Ra2 Qa5 14.
Bd2 Qb6 15. Kh1 Na5 16. e4 cxd4 17. cxd4 dxe4 18. fxe4 Bg4 19. Qb1 Nc4 20. Bg5 Qxd4 21. Bxf6 gxf6 22. h3 Be6 23. Nh5 Ne3 24. Nxf6+ Kf8 25.
Rf3 Bxa2 26. Qxa2 Re6 27. Nxh7+ Ke7 28. Rxf7+ Kd6 29. Ng5 Nc4 30. Nxe6 Qxd3 31. Qf2 Qxe4 32. Rf6 Ke7 33. Ng5 Qb1+ 34. Kh2 Ne5 35. Re6+ Kd7 36. Rxe5 Qg6 37. Qf7+ Qxf7 38. Nxf7 Rc3 39. Ra5 a6 40. h4 Ke6 41. Ng5+ Kf6 42. Nf3 Kg6 43. Kh3 Rb3 44. Rg5+ Kf6 45. a4 b6 46. Rh5 Rb4 47. Rh6+ Kg7 48.
Rc6 a5 49. g4 Rxa4 50. Rxb6 Re4 51. Ra6 a4 52. h5 Re3 53. Kg3 a3 54. Kf4 Rb3 55. g5 Rb4+ 56. Kf5 Rb3 57. Ne5 Rh3 58. Ra7+ Kf8 59. h6 Ke8 60. Ke6 Kd8 61. g6 Rxh6 62.
Nf7+ 1-0

[Event "GrandPrix_30.05"]
[Site "Chess.com"]
[Date "2020.05.30"]
[Round "8"]
[White "LiamVrolijk"]
[Black "Alexander_Donchenko"]
[Result "1-0"]
[WhiteElo "2535"]
[BlackElo "2583"]
[TimeControl "600+2"]
[EndTime "12:01:25 PDT"]
[Termination "LiamVrolijk won by resignation"]

1. d4 Nf6 2. c4 e6 3. Nc3 Bb4 4. Qc2 d5 5. a3 Bxc3+ 6. Qxc3 Nbd7 7. cxd5 exd5 8. Bf4 c6 9. h3 O-O 10. e3 Ne4 11. Qc2 c5 12. dxc5 Ndxc5 13. Nf3 Bf5 14. Be2 Ne6 15. Qa4 Qb6 16. Qb4 Nxf4 17. Qxb6 Nxg2+ 18. Kf1 axb6 19. Kxg2 Rfc8 20. Nd4 Bd7 21. Bg4 Nf6 22.
Bxd7 Nxd7 23. Rac1 Kf8 24. Nb5 Rc6 25. Rcd1 Nf6 26.
Nc3 Rc5 27. Rd4 Ke7 28. Rhd1 Ke6 29. Rb4 Rc6 30. Ne2 Kd7 31. Nd4 Rd6 32. Nf5 Rc6 33.
Nd4 Rd6 34. Nf5 Re6 35. Nd4 Re5 36. Rxb6 Rg5+ 37. Kf1 Kc7 38. Rb5 Rc8 39. Rc5+ Kb8 40. Rxc8+ Kxc8 41. Rc1+ Kd7 42. Nb5 Ne8 43. b4 Rh5 44.
Kg2 Rg5+ 45. Kf3 Rf5+ 46. Kg2 Re5 47. a4 Re4 48. Nc3 Rc4 49. Na2 Kc6 50. Rxc4+ dxc4 51. Nc3 Nf6 52. e4 Nd7 53. f4 f5 54. Kf3 fxe4+ 55. Kxe4 Nb6 56. Kd4 g6 57. a5 Nc8 58. b5+ Kd7 59. Ne4 Ne7 60. Kxc4 Nf5 61. Kd5 Ne3+ 62. Kd4 Nf5+ 63. Kc5 Kc7 64. b6+ Kc8 65. Nd6+ Nxd6 66. Kxd6 Kd8 67. a6 1-0

[Event "GrandPrix_30.05"]
[Site "Chess.com"]
[Date "2020.05.30"]
[Round "8"]
[White "A_N_D-R_E_I"]
[Black "Meizon19"]
[Result "1/2-1/2"]
[WhiteElo "2147"]
[BlackElo "2304"]
[TimeControl "600+2"]
[EndTime "12:01:37 PDT"]
[Termination "Game drawn by repetition"]

1. e4 c5 2. Nf3 d6 3. d4 cxd4 4. Qxd4 Nc6 5. Bb5 Bd7 6. Qd3 Nf6 7. c4 g6 8. Nc3 Bg7 9. h3 O-O 10. O-O Rc8 11. Be3 a6 12. Bxc6 Bxc6 13. Rac1 Nd7 14. Nd4 Ne5 15. Qe2 Bd7 16. b3 e6 17. Rfd1 Qe7 18.
Qd2 Rfd8 19. Bg5 f6 20. Be3 Be8 21. f4 Nc6 22. Nf3 Bf7 23. Bb6 Rd7 24. Qe1 Re8 25.
Rc2 h6 26. Rcd2 g5 27. g3 h5 28. Kh2 g4 29. Nh4 Nb8 30. Rd3 gxh3 31. Qd2 Bf8 32. e5 fxe5 33. fxe5 d5 34. cxd5 exd5 35. Nxd5 Qxe5 36.
Nf4 Rxd3 37. Qxd3 Nc6 38. Qf5 Qxf5 39. Nxf5 Ne5 40. Kxh3 Rc8 41. Nd6 Bxd6 42. Rxd6 Rc2 43. Rd8+ Kh7 44. Bd4 Rd2 45. Bb6 Rxa2 46. b4 Ng4 47. Kh4 Kh6 48. Rd6+ Kg7 49. Bd4+ Kf8 50. Kg5 Ke8 51. Rb6 Rd2 52. Bc5 Rd7 53. Nxh5 Rd5+ 54.
Kxg4 Bxh5+ 55. Kf4 Rd7 56. g4 Bf7 57. Kf5 Bd5 58. g5 Rf7+ 59. Ke5 Bc6 60. g6 Rf1 61. Bd4 Kf8 62. Kd6 Rf4 63. Be5 Rf5 64. Ke6 Rf1 65. Kd6 Rd1+ 66. Ke6 Rf1 67. Kd6 Rd1+ 68. Ke6 Rf1 1/2-1/2

[Event "GrandPrix_30.05"]
[Site "Chess.com"]
[Date "2020.05.30"]
[Round "8"]
[White "KuzubovYuriy"]
[Black "Durarbayli"]
[Result "0-1"]
[WhiteElo "2553"]
[BlackElo "2686"]
[TimeControl "600+2"]
[EndTime "12:01:49 PDT"]
[Termination "Durarbayli won by resignation"]

1. d4 Nf6 2. c4 e6 3. Nf3 b6 4. g3 Bb7 5. Bg2 Be7 6. Nc3 O-O 7. Qc2 c5 8. d5 exd5 9. Ng5 h6 10. Nxd5 Bxd5 11.
cxd5 hxg5 12. d6 Nc6 13. dxe7 Qxe7 14. Bxg5 Rad8 15. e3 d5 16. O-O Rd7 17. Qa4 Qe6 18.
Rad1 Ne4 19. Bxe4 dxe4 20. Rxd7 Qxd7 21. Qxe4 f6 22. Bf4 g5 23. Qg6+ Qg7 24. Qe4 Qd7 25. Bxg5 fxg5 26. Qg6+ Kh8 27. Qh6+ Kg8 28. Qxg5+ Kf7 29.
Qh5+ Ke7 30. Rd1 Qe6 31. Rd5 Qf7 32. Qxf7+ Rxf7 33. Rd1 Ne5 34. f4 Ng4 35. h3 Nf6 36. e4 Ke6 37. e5 Nd5 38. Kf2 Nxf4 39. gxf4 Rxf4+ 40. Kg3 Rb4 41. Rd2 Kxe5 42. Rf2 Rd4 43. h4 Rd3+ 44. Kg4 Rd1 45. h5 Rg1+ 46. Kh4 c4 47. h6 b5 48. Kh5 b4 49. Rh2 Kf6 50. Rf2+ Ke5 51. Rf3 Rh1+ 52. Kg6 Rg1+ 53. Kf7 Rh1 54.
Kg7 Rg1+ 55. Kh8 Kd4 56. Rf4+ Kd3 57. Rf3+ Kc2 58. Rf2+ Kb1 59. h7 c3 60. bxc3 bxc3 61. Rf7 c2 62. Rb7+ Ka1 63. Rg7 c1=Q 64. Rxg1 Qxg1 65.
a4 Qg5 66. a5 Qxa5 67. Kg8 Qg5+ 68. Kh8 Qf6+ 69. Kg8 a5 70. h8=Q Qxh8+ 71. Kxh8 a4 72. Kg7 a3 73. Kf6 a2 74. Ke5 Kb2 75. Kd4 a1=Q 0-1